Map: Dusty Gorge

Players

TheInfamous - Winner!

  • Race: Terran Terran
  • Spawn Location: 9:00

Apocalypse - Winner!

  • Race: Terran Terran
  • Spawn Location: 11:00

Throwfordays

  • Race: Protoss Protoss
  • League: Silver
  • Spawn Location: 5:00

Cthulhu

  • Race: Protoss Protoss
  • Spawn Location: 3:00

VOD

Have the link to the VOD?

Description

Time

  • Played on: March 5, 2019, 11:42 p.m.
  • Length: 4:43
Show
View Real Time Build Order
Export as new Build Order

TheInfamous Terran - Winner!

Build Orders:  

Get SALT Encoding   

  12  0:01  SCV  
  13  0:14  Supply Depot  
  13  0:24  SCV  
  14  0:36  SCV  
  14  0:37  Barracks  
  15  0:48  Supply Depot  
  15  0:56  SCV  
  16  1:08  SCV  
  17  1:13  Barracks  
  17  1:23  Barracks  
  17  1:36  Barracks  
  17  1:48  Barracks  
  17  1:58  Marine  
  18  2:10  Marine x2  
  20  2:16  Marine  
  21  2:23  Supply Depot  
  21  2:28  Marine, Supply Depot  
  22  2:31  Marine  
  22  2:34  Marine  
  24  2:37  Marine  
  24  2:41  Marine  
  26  2:45  Marine  
  26  3:08  Orbital Command  
  26  3:18  Marine x3  
  26  3:19  Marine x2  
  31  3:36  Marine  
  31  3:40  Marine x2  
  31  3:41  Marine x2  
  36  3:54  Marine  
  37  3:58  Marine x2  
  39  4:09  Marine  
  39  4:10  Marine  
  39  4:12  Marine  
  39  4:16  Marine x2  
Show
View Real Time Build Order
Export as new Build Order

Apocalypse Terran - Winner!

Build Orders:  

Get SALT Encoding   

  12  0:02  SCV  
  13  0:19  Supply Depot  
  13  0:23  SCV  
  14  0:36  Refinery  
  14  0:42  Barracks  
  14  0:45  SCV  
  15  1:00  Barracks  
  15  1:04  SCV  
  16  1:19  Barracks  
  16  1:23  SCV  
  17  1:36  Barracks Tech Lab  
  17  1:46  Orbital Command  
  17  1:57  Barracks Tech Lab  
  17  1:59  Marauder  
  19  2:06  Barracks Tech Lab  
  19  2:11  Supply Depot  
  19  2:19  Marauder  
  19  2:22  Concussive Shells  
  21  2:30  Marauder  
  21  2:34  SCV  
  24  2:38  Marauder  
  26  2:45  Supply Depot  
  26  2:50  Marauder  
  28  2:53  SCV  
  29  3:03  Marauder  
  31  3:12  Engineering Bay  
  31  3:13  Marauder  
  31  3:18  Marauder  
  35  3:21  SCV  
  36  3:32  Supply Depot  
  34  3:40  SCV  
  35  3:43  Missile Turret  
  35  3:48  Marauder  
  35  4:06  Marauder, Missile Turret  
Show
View Real Time Build Order
Export as new Build Order

Throwfordays Protoss 

Build Orders: Nexus First 

Get SALT Encoding   

  12  0:00  Probe  
  13  0:12  Probe  
  14  0:25  Probe  
  15  0:46  Nexus  
  15  1:00  Pylon  
  15  1:18  Probe  
  15  1:19  Gateway  
  15  1:22  Gateway  
  16  1:31  Probe  
  17  1:37  Assimilator  
  17  1:43  Probe  
  18  1:55  Probe  
  19  2:03  Probe  
  19  2:04  Forge  
  19  2:07  Probe  
  21  2:11  Probe  
  21  2:19  Probe  
  21  2:20  Cybernetics Core  
  21  2:21  Probe  
  24  2:31  Probe  
  24  2:33  Probe  
  24  2:34  Assimilator  
  26  2:42  Photon Cannon  
  26  2:44  Probe  
  27  2:52  Pylon  
  27  2:55  Probe  
  27  2:56  Pylon  
  28  3:07  Probe  
  28  3:11  Photon Cannon  
  29  3:15  Photon Cannon  
  29  3:24  Photon Cannon  
  29  3:27  Zealot  
  29  3:31  Zealot  
  33  3:41  Photon Cannon  
  33  3:48  Probe  
  33  3:49  Photon Cannon  
  34  3:56  Probe  
  35  4:06  Probe  
  38  4:27  Probe  
  39  4:32  Gateway  
Show
View Real Time Build Order
Export as new Build Order

Cthulhu Protoss 

Build Orders:  

Get SALT Encoding   

  1  0:00  Probe  
  12  0:06  Probe  
  14  0:19  Probe  
  15  0:23  Pylon  
  15  0:41  Probe  
  16  0:43  Gateway  
  16  0:53  Gateway  
  16  0:57  Probe  
  17  1:01  Assimilator  
  17  1:10  Assimilator, Probe  
  17  1:18  Probe  
  19  1:33  Cybernetics Core  
  19  1:44  Zealot  
  19  1:46  Zealot  
  23  1:51  Warp Gate  
  23  1:59  Pylon  
  23  2:04  Pylon  
  23  2:06  Pylon  
  23  2:23  Twilight Council  
  23  2:27  Probe  
  24  2:39  Probe  
  25  3:07  Nexus  
  23  3:41  Stalker x2  
  25  3:49  Forge  
Tags
 
Add a new tag
Caveats
  • Supply blocks, unpowered buildings, or Contaminate may cause inaccurate times.
  • Supply counts are checked every 10 seconds.